[Event "Live Chess"]
[Site "Chess.com"]
[Date "2010.12.03"]
[Round "-"]
[White "hipposcottimus"]
[Black "inpresso"]
[Result "0-1"]
[CurrentPosition "2kr1b1r/ppp1qppp/2np4/8/2QpPn2/5N2/PPP2PPP/R1B2K1R w - -"]
[Timezone "UTC"]
[ECO "C42"]
[ECOUrl "https://www.chess.com/openings/Petrovs-Defense-Urusov-Gambit"]
[UTCDate "2010.12.03"]
[UTCTime "04:06:45"]
[WhiteElo "1637"]
[BlackElo "1330"]
[TimeControl "120"]
[Termination "inpresso won by resignation"]
[StartTime "04:06:45"]
[EndDate "2010.12.03"]
[EndTime "04:08:07"]
[Link "https://www.chess.com/game/live/73525930"]

1. e4 e5 2. Nf3 Nf6 3. Bc4 d6 4. Ng5 Be6 5. Qe2 Bxc4 6. Qxc4 Qe7 7. Nc3 Nc6 8. Nd5 Nxd5 9. Nf3 Nf4 10. d4 O-O-O 11. Kf1 exd4 0-1

[Event "Live Chess"]
[Site "Chess.com"]
[Date "2010.12.03"]
[Round "-"]
[White "inpresso"]
[Black "hipposcottimus"]
[Result "1-0"]
[CurrentPosition "r4rk1/ppp3Qp/5p2/5P1N/8/3q4/6PP/5R1K b - -"]
[Timezone "UTC"]
[ECO "C44"]
[ECOUrl "https://www.chess.com/openings/Kings-Pawn-Opening-Kings-Knight-Variation-2...Nc6-3.d3-Nf6"]
[UTCDate "2010.12.03"]
[UTCTime "04:04:19"]
[WhiteElo "1315"]
[BlackElo "1650"]
[TimeControl "120"]
[Termination "inpresso won by checkmate"]
[StartTime "04:04:19"]
[EndDate "2010.12.03"]
[EndTime "04:06:31"]
[Link "https://www.chess.com/game/live/73525451"]

1. e4 e5 2. Nf3 Nc6 3. d3 Nf6 4. Nc3 Bb4 5. Bg5 d5 6. a3 Ba5 7. b4 Nxb4 8. axb4 Bxb4 9. Bxf6 Qxf6 10. Be2 Bxc3+ 11. Nd2 Bxa1 12. Qxa1 dxe4 13. Nxe4 Qg6 14. Qxe5+ Be6 15. O-O O-O 16. f4 Bh3 17. Bf3 Bg4 18. Bxg4 Qxg4 19. Qg5 Qe6 20. f5 Qb6+ 21. Kh1 f6 22. Qg4 Qb2 23. Ng3 Qxc2 24. Nh5 Qxd3 25. Qxg7# 1-0

[Event "Live Chess"]
[Site "Chess.com"]
[Date "2010.12.03"]
[Round "-"]
[White "usandhis"]
[Black "hipposcottimus"]
[Result "1-0"]
[CurrentPosition "3Q2k1/p5pp/4P1p1/3n4/3P1b1P/3P1P2/PP2BP2/5K2 b - -"]
[Timezone "UTC"]
[ECO "C44"]
[ECOUrl "https://www.chess.com/openings/Kings-Pawn-Opening-Kings-Knight-Variation-2...Nc6-3.d3-Nf6"]
[UTCDate "2010.12.03"]
[UTCTime "02:10:05"]
[WhiteElo "1467"]
[BlackElo "1663"]
[TimeControl "60"]
[Termination "usandhis won by checkmate"]
[StartTime "02:10:05"]
[EndDate "2010.12.03"]
[EndTime "02:12:08"]
[Link "https://www.chess.com/game/live/73502005"]

1. e4 e5 2. Nf3 Nc6 3. d3 Nf6 4. Be3 d5 5. Nc3 d4 6. Bxd4 exd4 7. Ne2 Bd6 8. c3 O-O 9. Nexd4 Nxd4 10. e5 Re8 11. cxd4 Bg4 12. Be2 Bxf3 13. gxf3 Bb4+ 14. Kf1 Nd5 15. Qb3 Be7 16. Rc1 Bg5 17. Rc2 Bf4 18. Qc4 b6 19. Rg1 b5 20. Qxb5 c6 21. Qxc6 Rc8 22. Qa4 Rxc2 23. Qxc2 Re6 24. Qc4 Rg6 25. Rxg6 fxg6 26. h4 Qd7 27. e6 Qd6 28. Qc8+ Qd8 29. Qxd8# 1-0

[Event "Live Chess"]
[Site "Chess.com"]
[Date "2010.12.03"]
[Round "-"]
[White "hipposcottimus"]
[Black "Computer4-IMPOSSIBLE"]
[Result "0-1"]
[CurrentPosition "6k1/5ppp/p4b2/1pp5/2P5/1P1r4/P1b1r1PP/7K w - -"]
[Timezone "UTC"]
[ECO "B27"]
[ECOUrl "https://www.chess.com/openings/Sicilian-Defense-Katalimov-Variation-3.c4"]
[UTCDate "2010.12.03"]
[UTCTime "02:06:47"]
[WhiteElo "1674"]
[BlackElo "2375"]
[TimeControl "120+1"]
[Termination "Computer4-IMPOSSIBLE won by resignation"]
[StartTime "02:06:47"]
[EndDate "2010.12.03"]
[EndTime "02:09:39"]
[Link "https://www.chess.com/game/live/73501346"]

1. e4 c5 2. Nf3 b6 3. c4 Nc6 4. Nc3 Nf6 5. d3 e5 6. Be2 Be7 7. O-O d6 8. Ne1 O-O 9. f4 Bd7 10. fxe5 dxe5 11. Nf3 a6 12. Nd5 b5 13. b3 Re8 14. Bg5 Nxd5 15. exd5 Bxg5 16. dxc6 Be3+ 17. Kh1 Bxc6 18. Re1 Qf6 19. Ng1 Bd4 20. Bf3 e4 21. dxe4 Rad8 22. Qc2 Bxa1 23. Rf1 Bxe4 24. Be2 Bxc2 25. Rxf6 Bxf6 26. Bd3 Rxd3 27. Ne2 Rxe2 0-1

[Event "Live Chess"]
[Site "Chess.com"]
[Date "2010.12.03"]
[Round "-"]
[White "Computer4-IMPOSSIBLE"]
[Black "hipposcottimus"]
[Result "1-0"]
[CurrentPosition "7k/6pp/8/2nQ2B1/8/PB3P2/7P/R2K2NR b - -"]
[Timezone "UTC"]
[ECO "A20"]
[ECOUrl "https://www.chess.com/openings/English-Opening-Kings-English-Variation-2.g3"]
[UTCDate "2010.12.03"]
[UTCTime "02:03:51"]
[WhiteElo "2375"]
[BlackElo "1674"]
[TimeControl "120+1"]
[Termination "Computer4-IMPOSSIBLE won by resignation"]
[StartTime "02:03:51"]
[EndDate "2010.12.03"]
[EndTime "02:06:40"]
[Link "https://www.chess.com/game/live/73500774"]

1. g3 e5 2. c4 d5 3. cxd5 Nf6 4. Qa4+ Bd7 5. Qb3 Bd6 6. Qxb7 Nxd5 7. Qxa8 Bc6 8. Qxa7 O-O 9. f3 f5 10. Nc3 Nb4 11. Kd1 N8a6 12. Qf2 Bc5 13. e3 f4 14. gxf4 exf4 15. d4 fxe3 16. Bxe3 Bd6 17. Bc4+ Kh8 18. a3 Be4 19. Nxe4 c5 20. Bg5 Qa5 21. Nxd6 cxd4 22. Nf7+ Rxf7 23. Bxf7 Nc5 24. Qxd4 Qa4+ 25. b3 Qxb3+ 26. Bxb3 Nd5 27. Qxd5 1-0

[Event "Live Chess"]
[Site "Chess.com"]
[Date "2010.12.03"]
[Round "-"]
[White "ShoneCAR"]
[Black "hipposcottimus"]
[Result "1-0"]
[CurrentPosition "4k3/1Q6/4K1p1/2N3pp/8/5P2/6PP/8 b - -"]
[Timezone "UTC"]
[ECO "C24"]
[ECOUrl "https://www.chess.com/openings/Bishops-Opening-Berlin-Defense"]
[UTCDate "2010.12.03"]
[UTCTime "01:27:55"]
[WhiteElo "1696"]
[BlackElo "1674"]
[TimeControl "60"]
[Termination "ShoneCAR won on time"]
[StartTime "01:27:55"]
[EndDate "2010.12.03"]
[EndTime "01:29:44"]
[Link "https://www.chess.com/game/live/73493188"]

1. e4 e5 2. Bc4 Nf6 3. Qf3 Nc6 4. Nh3 Nd4 5. Qc3 b5 6. Bb3 d5 7. exd5 Nxd5 8. Bxd5 Qxd5 9. f3 b4 10. Qd3 Bc5 11. a3 O-O 12. axb4 Bxb4 13. Nc3 a5 14. Nxd5 Ba6 15. Nxc7 Bxd3 16. Nxa8 Bxc2 17. Nc7 Rc8 18. Nd5 Bg6 19. Nxb4 Rc4 20. Nd5 Nc2+ 21. Kf2 Nxa1 22. Ne7+ Kf8 23. Nxg6+ fxg6 24. d3 Rc2+ 25. Kg3 Nb3 26. Bg5 Nd2 27. Bxd2 Rxd2 28. Nf2 Rxd3 29. Rd1 e4 30. Rxd3 exd3 31. Nxd3 Kf7 32. Nc5 Kf6 33. Kf4 a4 34. Nxa4 g5+ 35. Ke4 g6 36. Nc5 h5 37. b4 Kg7 38. b5 Kf8 39. b6 Ke8 40. b7 Kd8 41. b8=Q+ Ke7 42. Qb6 Kf7 43. Ke5 Ke7 44. Qb7+ Kf8 45. Kf6 Ke8 46. Ke6 1-0

[Event "Live Chess"]
[Site "Chess.com"]
[Date "2010.12.03"]
[Round "-"]
[White "hipposcottimus"]
[Black "ShoneCAR"]
[Result "0-1"]
[CurrentPosition "8/8/1pk5/p7/PKP5/8/8/8 w - -"]
[Timezone "UTC"]
[ECO "C43"]
[ECOUrl "https://www.chess.com/openings/Petrovs-Defense-Steinitz-Attack"]
[UTCDate "2010.12.03"]
[UTCTime "01:24:42"]
[WhiteElo "1682"]
[BlackElo "1688"]
[TimeControl "60"]
[Termination "ShoneCAR won on time"]
[StartTime "01:24:42"]
[EndDate "2010.12.03"]
[EndTime "01:26:51"]
[Link "https://www.chess.com/game/live/73492606"]

1. e4 e5 2. Nf3 Nf6 3. d4 g6 4. dxe5 Ng8 5. Bd3 f6 6. Nc3 fxe5 7. Nd2 Bg7 8. O-O Nf6 9. f4 exf4 10. Nf3 O-O 11. Bxf4 d6 12. Bc4+ Kh8 13. Nd5 Nxd5 14. Qxd5 Bg4 15. e5 Bxf3 16. Qxf3 dxe5 17. Bg5 Rxf3 18. Bxd8 Rxf1+ 19. Rxf1 Nc6 20. Bxc7 Rf8 21. Bd6 Rxf1+ 22. Kxf1 Bh6 23. b3 a6 24. a4 Bd2 25. Ke2 Bf4 26. g3 Bg5 27. h3 Bf6 28. g4 h6 29. Kd3 Nd4 30. Ke4 Nxc2 31. Bxe5 Bxe5 32. Kxe5 g5 33. Kf5 Kg7 34. Ke4 Ne1 35. Ke3 Ng2+ 36. Kf3 Ne1+ 37. Kg3 Nc2 38. h4 gxh4+ 39. Kxh4 Ne3 40. g5 Nxc4 41. bxc4 hxg5+ 42. Kxg5 Kf7 43. Kf4 Ke6 44. Ke4 Kd6 45. Kd4 Kc6 46. Kc3 b6 47. Kb4 a5+ 0-1

[Event "Live Chess"]
[Site "Chess.com"]
[Date "2010.12.03"]
[Round "-"]
[White "ShoneCAR"]
[Black "hipposcottimus"]
[Result "1-0"]
[CurrentPosition "4Rk2/p6R/2B5/8/2p5/6P1/PP5P/6K1 b - -"]
[Timezone "UTC"]
[ECO "A10"]
[ECOUrl "https://www.chess.com/openings/English-Opening-Jaenisch-Gambit"]
[UTCDate "2010.12.03"]
[UTCTime "01:22:11"]
[WhiteElo "1680"]
[BlackElo "1690"]
[TimeControl "60"]
[Termination "ShoneCAR won by checkmate"]
[StartTime "01:22:11"]
[EndDate "2010.12.03"]
[EndTime "01:24:20"]
[Link "https://www.chess.com/game/live/73492065"]

1. c4 b5 2. Nf3 bxc4 3. g3 d6 4. Bg2 e5 5. O-O d5 6. Nc3 e4 7. Nh4 Nf6 8. e3 Bd6 9. d4 O-O 10. Bd2 Nbd7 11. Re1 Nb6 12. f3 c6 13. fxe4 dxe4 14. Nxe4 Bg4 15. Nxf6+ Qxf6 16. Qxg4 h5 17. Qf3 Rfe8 18. Rf1 Qh6 19. Qxc6 Kh7 20. Be4+ g6 21. Nxg6 Kg8 22. Qxd6 Qxg6 23. Qxg6+ fxg6 24. Bxg6 Kg7 25. Bxh5 Rh8 26. Bf3 Rh7 27. Bc3 Rah8 28. d5+ Kg8 29. Bxh8 Rxh8 30. Rfd1 Nxd5 31. Rxd5 Kf7 32. Rf5+ Ke6 33. Be4 Re8 34. Rd1 Ke7 35. Rh5 Kf7 36. Bd5+ Kf6 37. Bc6 Rxe3 38. Rd6+ Ke7 39. Rg6 Kf7 40. Rd6 Re7 41. Rh7+ Kf8 42. Rd8+ Re8 43. Rxe8# 1-0

[Event "Live Chess"]
[Site "Chess.com"]
[Date "2010.12.03"]
[Round "-"]
[White "hipposcottimus"]
[Black "ShoneCAR"]
[Result "0-1"]
[CurrentPosition "5r1k/pp2Q3/6pp/3p3r/1P6/2P2P2/P3R1Pq/5R1K w - -"]
[Timezone "UTC"]
[ECO "C55"]
[ECOUrl "https://www.chess.com/openings/Italian-Game-Anti-Fried-Liver-Defense"]
[UTCDate "2010.12.03"]
[UTCTime "01:20:17"]
[WhiteElo "1699"]
[BlackElo "1671"]
[TimeControl "60"]
[Termination "ShoneCAR won by checkmate"]
[StartTime "01:20:17"]
[EndDate "2010.12.03"]
[EndTime "01:21:49"]
[Link "https://www.chess.com/game/live/73491695"]

1. e4 e5 2. Nf3 Nc6 3. Bc4 h6 4. d4 Be7 5. d5 Na5 6. Bd3 c6 7. Bd2 cxd5 8. Bxa5 Qxa5+ 9. c3 dxe4 10. Bxe4 Bc5 11. O-O Qb6 12. Qe2 Nf6 13. Nbd2 Nxe4 14. Nxe4 d5 15. Nxc5 Qxc5 16. Qxe5+ Be6 17. Nd4 O-O 18. Nxe6 fxe6 19. Qxe6+ Kh8 20. Rae1 Rf6 21. Qg4 Raf8 22. b4 Qb6 23. Re2 Kh7 24. Qd4 Qd6 25. Qd3+ Kh8 26. f3 g6 27. Kh1 Rf5 28. Qe3 Rh5 29. Qe7 Qxh2# 0-1

[Event "Live Chess"]
[Site "Chess.com"]
[Date "2010.12.02"]
[Round "-"]
[White "jcalderwood"]
[Black "hipposcottimus"]
[Result "1-0"]
[CurrentPosition "4q2k/pp5p/3p2p1/4n3/1Pp4P/P1Pb1PP1/3B1RK1/8 b - -"]
[Timezone "UTC"]
[ECO "C47"]
[ECOUrl "https://www.chess.com/openings/Four-Knights-Game"]
[UTCDate "2010.12.02"]
[UTCTime "21:00:52"]
[WhiteElo "1441"]
[BlackElo "1708"]
[TimeControl "60"]
[Termination "jcalderwood won on time"]
[StartTime "21:00:52"]
[EndDate "2010.12.02"]
[EndTime "21:03:12"]
[Link "https://www.chess.com/game/live/73428559"]

1. e4 e5 2. Nf3 Nc6 3. Nc3 Nf6 4. b3 Bb4 5. Be2 Nd4 6. a3 Bxc3 7. dxc3 Nxf3+ 8. Bxf3 d6 9. O-O O-O 10. Qd3 Nd7 11. Be3 c5 12. Rad1 f5 13. exf5 Nf6 14. b4 e4 15. Qe2 exf3 16. Qxf3 Ne8 17. Qg3 Bxf5 18. Bh6 Bg6 19. Bd2 Rf6 20. Rfe1 Nc7 21. Re2 Ne6 22. Re3 Qf8 23. Rde1 Re8 24. f3 Bxc2 25. Rf1 Bg6 26. Rf2 Bh5 27. Ree2 Bg6 28. Re3 Ng5 29. Ree2 Rxe2 30. Rxe2 Ne6 31. Qh3 Bd3 32. Rf2 c4 33. Qg3 Rg6 34. Qh3 Nf4 35. Qe6+ Kh8 36. Qxg6 Nxg6 37. g3 Qe8 38. h3 Ne5 39. Kg2 g6 40. h4 1-0

[Event "Live Chess"]
[Site "Chess.com"]
[Date "2010.12.02"]
[Round "-"]
[White "hipposcottimus"]
[Black "ruslangross"]
[Result "1-0"]
[CurrentPosition "r4k2/pq2bQp1/1p5p/2p1N3/8/1P2B3/2P3PP/3R2K1 b - -"]
[Timezone "UTC"]
[ECO "C55"]
[ECOUrl "https://www.chess.com/openings/Italian-Game-Anti-Fried-Liver-Defense"]
[UTCDate "2010.12.02"]
[UTCTime "20:54:31"]
[WhiteElo "1370"]
[BlackElo "1282"]
[TimeControl "120+12"]
[Termination "hipposcottimus won by checkmate"]
[StartTime "20:54:31"]
[EndDate "2010.12.02"]
[EndTime "20:59:38"]
[Link "https://www.chess.com/game/live/73426990"]

1. e4 e5 2. Nf3 Nc6 3. Bc4 h6 4. d4 exd4 5. Nxd4 Nxd4 6. Qxd4 c5 7. Qc3 d6 8. Be3 b6 9. O-O Bd7 10. Nd2 Nf6 11. f4 d5 12. exd5 Bf5 13. Nf3 Nxd5 14. Bxd5 Qxd5 15. Rad1 Qxa2 16. b3 Qa6 17. Qe5+ Be6 18. f5 Qb7 19. fxe6 fxe6 20. Qxe6+ Be7 21. Ne5 Rf8 22. Rxf8+ Kxf8 23. Qf7# 1-0

[Event "Live Chess"]
[Site "Chess.com"]
[Date "2010.12.02"]
[Round "-"]
[White "hipposcottimus"]
[Black "harrubi"]
[Result "0-1"]
[CurrentPosition "2kr4/pp5p/2p1R3/2n5/8/5rP1/PP5P/2R4K b - -"]
[Timezone "UTC"]
[ECO "C41"]
[ECOUrl "https://www.chess.com/openings/Philidor-Defense-Exchange-Bird-Gambit"]
[UTCDate "2010.12.02"]
[UTCTime "15:40:57"]
[WhiteElo "1364"]
[BlackElo "1260"]
[TimeControl "600"]
[Termination "harrubi won by resignation"]
[StartTime "15:40:57"]
[EndDate "2010.12.02"]
[EndTime "15:52:23"]
[Link "https://www.chess.com/game/live/73344238"]

1. e4 e5 2. Nf3 d6 3. d4 exd4 4. c3 dxc3 5. Nxc3 Nf6 6. Bd3 c6 7. Qc2 d5 8. O-O dxe4 9. Re1 Bf5 10. Nh4 Be6 11. Bxe4 Bb4 12. Bg5 Bxc3 13. Bxf6 Qxf6 14. Qxc3 Qxh4 15. Qxg7 Rf8 16. Rad1 Nd7 17. Bf5 O-O-O 18. Bxe6 fxe6 19. g3 Qf6 20. Qg4 Qxf2+ 21. Kh1 Qf3+ 22. Qxf3 Rxf3 23. Rxe6 Nc5 24. Rc1 0-1

[Event "Live Chess"]
[Site "Chess.com"]
[Date "2010.12.02"]
[Round "-"]
[White "hipposcottimus"]
[Black "Jeremy_I"]
[Result "1-0"]
[CurrentPosition "1K6/2Q5/P7/8/8/6k1/8/8 b - -"]
[Timezone "UTC"]
[ECO "C62"]
[ECOUrl "https://www.chess.com/openings/Ruy-Lopez-Opening-Old-Steinitz-Defense-4.d4-exd4-5.Qxd4"]
[UTCDate "2010.12.02"]
[UTCTime "02:36:45"]
[WhiteElo "1374"]
[BlackElo "1403"]
[TimeControl "600"]
[Termination "hipposcottimus won by resignation"]
[StartTime "02:36:45"]
[EndDate "2010.12.02"]
[EndTime "02:49:34"]
[Link "https://www.chess.com/game/live/73183027"]

1. e4 e5 2. Nf3 d6 3. d4 exd4 4. Qxd4 Nc6 5. Bb5 Bd7 6. Bxc6 Bxc6 7. c4 Nf6 8. Bg5 Be7 9. Bxf6 Bxf6 10. Qd2 Bxe4 11. Nc3 Bxf3 12. Qe3+ Qe7 13. gxf3 Qxe3+ 14. fxe3 Bxc3+ 15. bxc3 O-O 16. Ke2 Rfe8 17. Rhg1 c5 18. Rg3 a6 19. Rag1 g6 20. h4 b5 21. h5 bxc4 22. hxg6 fxg6 23. f4 Rf8 24. Rh1 a5 25. Rgh3 Rf7 26. Kf3 Rb8 27. R1h2 a4 28. Rh4 a3 29. Rg4 Rb2 30. Rgg2 Rxg2 31. Rxg2 Kh8 32. Rg5 Rf5 33. Rg4 Kg7 34. e4 h5 35. Rg3 Rf6 36. f5 Kh6 37. Kf4 gxf5 38. exf5 h4 39. Rh3 Kh5 40. Rf3 Rf8 41. Ke4 Re8+ 42. Kd5 Re5+ 43. Kxd6 Re2 44. f6 Kg4 45. f7 Kxf3 46. f8=Q+ Kg2 47. Qa8+ Kf2 48. Qxa3 h3 49. Qxc5+ Kf3 50. Qh5+ Kg2 51. Qxe2+ Kg3 52. a4 h2 53. a5 h1=Q 54. Qxc4 Qh6+ 55. Kc5 Qf8+ 56. Kb5 Qb8+ 57. Ka4 Qe8+ 58. Qb5 Qe4+ 59. c4 Qc2+ 60. Kb4 Qb2+ 61. Kc5 Qa3+ 62. Kb6 Qd6+ 63. Qc6 Qb8+ 64. Kc5 Qa7+ 65. Qb6 Qe7+ 66. Kb5 Qd7+ 67. Ka6 Qc8+ 68. Kb5 Qd7+ 69. Qc6 Qf5+ 70. c5 Qd3+ 71. Kb6 Qb3+ 72. Qb5 Qe6+ 73. c6 Qe3+ 74. Kb7 Qe7+ 75. c7 Qe4+ 76. Qc6 Qb4+ 77. Qb6 Qe4+ 78. Kb8 Qe5 79. a6 Qe8+ 80. c8=Q Qe5+ 81. Qcc7 Qxc7+ 82. Qxc7+ 1-0

[Event "Live Chess"]
[Site "Chess.com"]
[Date "2010.12.02"]
[Round "-"]
[White "ChupaMiCulo"]
[Black "hipposcottimus"]
[Result "0-1"]
[CurrentPosition "4r1k1/p4ppp/2R5/3p4/1P5b/5P2/PB2q2P/5KQ1 w - -"]
[Timezone "UTC"]
[ECO "D00"]
[ECOUrl "https://www.chess.com/openings/Queens-Pawn-Opening-1...d5-2.e3"]
[UTCDate "2010.12.02"]
[UTCTime "02:32:24"]
[WhiteElo "1643"]
[BlackElo "1708"]
[TimeControl "60"]
[Termination "hipposcottimus won by checkmate"]
[StartTime "02:32:24"]
[EndDate "2010.12.02"]
[EndTime "02:34:07"]
[Link "https://www.chess.com/game/live/73182161"]

1. d4 d5 2. e3 c6 3. Bd3 Nd7 4. Bf5 e5 5. Bd3 e4 6. Be2 Ngf6 7. f4 Be7 8. Nd2 O-O 9. c4 Nb6 10. c5 Nbd7 11. b3 b6 12. Bb2 bxc5 13. dxc5 Nxc5 14. b4 Nd3+ 15. Bxd3 exd3 16. Nb3 Ne4 17. Qxd3 Bh4+ 18. Ke2 Nf2 19. Qb1 Bg4+ 20. Nf3 Bxf3+ 21. gxf3 Nxh1 22. Qxh1 Re8 23. Rd1 Qf6 24. Nd4 Qxf4 25. Rd3 Qf6 26. Rc3 Qh6 27. Nxc6 Rac8 28. Qg1 Rxc6 29. Rxc6 Qxe3+ 30. Kf1 Qe2# 0-1

[Event "Live Chess"]
[Site "Chess.com"]
[Date "2010.12.02"]
[Round "-"]
[White "TyAndGiedrius"]
[Black "hipposcottimus"]
[Result "1-0"]
[CurrentPosition "7k/5NR1/2p4p/1p3N2/r5P1/7P/P4PK1/8 b - -"]
[Timezone "UTC"]
[ECO "C58"]
[ECOUrl "https://www.chess.com/openings/Italian-Game-Knight-Attack-Polerio-Bishop-Check-Line-6...Bd7"]
[UTCDate "2010.12.02"]
[UTCTime "02:27:43"]
[WhiteElo "1746"]
[BlackElo "1701"]
[TimeControl "60"]
[Termination "TyAndGiedrius won by checkmate"]
[StartTime "02:27:43"]
[EndDate "2010.12.02"]
[EndTime "02:29:50"]
[Link "https://www.chess.com/game/live/73181175"]

1. e4 e5 2. Nf3 Nc6 3. Bc4 Nf6 4. Ng5 d5 5. exd5 Na5 6. Bb5+ Bd7 7. Bxd7+ Nxd7 8. d4 Be7 9. Nf3 f5 10. dxe5 O-O 11. O-O c6 12. d6 Bh4 13. e6 Rf6 14. exd7 Qxd7 15. Nxh4 Rxd6 16. Qf3 Nc4 17. Nc3 Nd2 18. Bxd2 Rxd2 19. Qxf5 Rd8 20. Qxd7 R8xd7 21. Rad1 b5 22. Rxd2 Rxd2 23. Rd1 Rxc2 24. Rd7 Kf8 25. Rxa7 h6 26. Nf5 Kg8 27. h3 Kh7 28. Rxg7+ Kh8 29. g4 Rxb2 30. Ne4 Rb1+ 31. Kg2 Rb4 32. Ned6 Ra4 33. Nf7# 1-0

[Event "Live Chess"]
[Site "Chess.com"]
[Date "2010.12.02"]
[Round "-"]
[White "Akkenth"]
[Black "hipposcottimus"]
[Result "0-1"]
[CurrentPosition "8/pp6/2p3pp/5k2/1P1PRP2/P4K2/7P/8 w - -"]
[Timezone "UTC"]
[ECO "D00"]
[ECOUrl "https://www.chess.com/openings/Queens-Pawn-Opening-Chigorin-Variation-2...c6"]
[UTCDate "2010.12.02"]
[UTCTime "02:24:49"]
[WhiteElo "1406"]
[BlackElo "1708"]
[TimeControl "60"]
[Termination "hipposcottimus won on time"]
[StartTime "02:24:49"]
[EndDate "2010.12.02"]
[EndTime "02:27:04"]
[Link "https://www.chess.com/game/live/73180590"]

1. d4 d5 2. Nc3 c6 3. a3 e6 4. Bf4 f5 5. Nf3 Bd6 6. Bxd6 Qxd6 7. b4 Nf6 8. e3 Ne4 9. Nxe4 fxe4 10. Ng5 O-O 11. Qh5 h6 12. Nh3 Nd7 13. Nf4 Nf6 14. Qe2 e5 15. Ng6 exd4 16. Nxf8 d3 17. cxd3 exd3 18. Qxd3 Qxf8 19. Be2 Ne4 20. f3 Bf5 21. fxe4 Bxe4 22. Qd2 Qf7 23. Rf1 Qg6 24. Bf3 Bf5 25. Ke2 Rf8 26. Rae1 d4 27. exd4 Re8+ 28. Kd1 Rxe1+ 29. Rxe1 Bg4 30. Re2 Bxf3 31. gxf3 Qg1+ 32. Re1 Qg6 33. Qe2 Qf7 34. Qe8+ Qxe8 35. Rxe8+ Kf7 36. Re4 Kf6 37. f4 Kg6 38. Ke2 Kf5 39. Kf3 g6 0-1

[Event "Live Chess"]
[Site "Chess.com"]
[Date "2010.12.02"]
[Round "-"]
[White "zulfikar"]
[Black "hipposcottimus"]
[Result "0-1"]
[CurrentPosition "r4qk1/pbn3pp/6r1/1pp1R3/2P5/1PN5/1P2QP1P/5R1K w - -"]
[Timezone "UTC"]
[ECO "C55"]
[ECOUrl "https://www.chess.com/openings/Italian-Game-Two-Knights-Modern-Bishops-Opening-4...d5-5.exd5-Nxd5"]
[UTCDate "2010.12.02"]
[UTCTime "02:13:46"]
[WhiteElo "1620"]
[BlackElo "1712"]
[TimeControl "60"]
[Termination "hipposcottimus won by resignation"]
[StartTime "02:13:46"]
[EndDate "2010.12.02"]
[EndTime "02:15:22"]
[Link "https://www.chess.com/game/live/73178173"]

1. e4 e5 2. Nf3 Nc6 3. Bc4 Nf6 4. d3 d5 5. exd5 Nxd5 6. Bg5 f6 7. Bh4 Na5 8. Bb5+ c6 9. Ba4 b5 10. Bb3 Nxb3 11. axb3 Bb7 12. O-O Be7 13. c4 Nc7 14. d4 O-O 15. dxe5 fxe5 16. Nxe5 Bxh4 17. Qg4 Bf6 18. Nd7 Rf7 19. Nxf6+ Rxf6 20. Nc3 Qf8 21. Rae1 c5 22. Re5 Rg6 23. Qe2 Rxg2+ 24. Kh1 Rg6+ 0-1

[Event "Live Chess"]
[Site "Chess.com"]
[Date "2010.12.02"]
[Round "-"]
[White "hipposcottimus"]
[Black "Froz1946"]
[Result "0-1"]
[CurrentPosition "8/6b1/p2B2pk/2Q4n/K1Ppp3/N4q2/P6P/8 w - -"]
[Timezone "UTC"]
[ECO "B30"]
[ECOUrl "https://www.chess.com/openings/Sicilian-Defense-Old-Sicilian-Variation-3.c4-g6"]
[UTCDate "2010.12.02"]
[UTCTime "02:10:52"]
[WhiteElo "1706"]
[BlackElo "1821"]
[TimeControl "60"]
[Termination "Froz1946 won on time"]
[StartTime "02:10:52"]
[EndDate "2010.12.02"]
[EndTime "02:13:12"]
[Link "https://www.chess.com/game/live/73177592"]

1. e4 c5 2. Nf3 Nc6 3. c4 g6 4. Nc3 Bg7 5. d3 d6 6. Bd2 Nf6 7. Be2 O-O 8. O-O Bg4 9. Ng5 Bxe2 10. Qxe2 Nd4 11. Qe3 Nc2 12. Qh3 h6 13. Rac1 hxg5 14. Rxc2 g4 15. Qg3 e6 16. Qe3 d5 17. Qe2 d4 18. Nb5 a6 19. Na3 b6 20. b4 e5 21. bxc5 bxc5 22. Rb2 Rb8 23. Bc1 Rxb2 24. Bxb2 Qd7 25. Bc1 Nh5 26. Bg5 f5 27. f3 gxf3 28. Qxf3 fxe4 29. Qxe4 Rxf1+ 30. Kxf1 Qf7+ 31. Kg1 Qf5 32. Qd5+ Kh7 33. Be7 Qxd3 34. Qxc5 Qe3+ 35. Kf1 Qd3+ 36. Ke1 Qe3+ 37. Kd1 Qg1+ 38. Kc2 Qxg2+ 39. Kb3 Qf3+ 40. Ka4 Kh6 41. Bd6 e4 0-1

[Event "Live Chess"]
[Site "Chess.com"]
[Date "2010.12.02"]
[Round "-"]
[White "Froz1946"]
[Black "hipposcottimus"]
[Result "1-0"]
[CurrentPosition "5r1k/p3R1Qp/1p3p2/2p5/2P2P2/2B2P2/PP4KP/3r4 b - -"]
[Timezone "UTC"]
[ECO "D00"]
[ECOUrl "https://www.chess.com/openings/Queens-Pawn-Opening-1...d5-2.e3"]
[UTCDate "2010.12.02"]
[UTCTime "02:09:15"]
[WhiteElo "1815"]
[BlackElo "1712"]
[TimeControl "60"]
[Termination "Froz1946 won by checkmate"]
[StartTime "02:09:15"]
[EndDate "2010.12.02"]
[EndTime "02:10:50"]
[Link "https://www.chess.com/game/live/73177235"]

1. d4 d5 2. e3 c6 3. Bd3 Nd7 4. f4 f6 5. Nf3 e6 6. O-O Be7 7. c3 Nh6 8. Nbd2 Nf5 9. e4 dxe4 10. Nxe4 Nd6 11. Qe2 O-O 12. Nxd6 Bxd6 13. Qxe6+ Kh8 14. Qxd6 Qe8 15. Bd2 Nb6 16. Rfe1 Bg4 17. Rxe8 Rfxe8 18. Qb4 Rf8 19. Re1 Nd5 20. Qb3 Bxf3 21. gxf3 Rad8 22. Bc4 b6 23. Bxd5 Rxd5 24. c4 Rxd4 25. Bc3 Rd3 26. Re7 c5 27. Qc2 Rdd8 28. Qf5 Rd1+ 29. Kg2 Rc1 30. Qg4 Rd1 31. Qxg7# 1-0

[Event "Live Chess"]
[Site "Chess.com"]
[Date "2010.12.02"]
[Round "-"]
[White "hipposcottimus"]
[Black "Froz1946"]
[Result "1-0"]
[CurrentPosition "1r1r2k1/7p/3p4/p1p5/NpPbPq2/1P1R4/5p1P/3R1K2 b - -"]
[Timezone "UTC"]
[ECO "B20"]
[ECOUrl "https://www.chess.com/openings/Sicilian-Defense"]
[UTCDate "2010.12.02"]
[UTCTime "02:06:52"]
[WhiteElo "1718"]
[BlackElo "1809"]
[TimeControl "60"]
[Termination "hipposcottimus won on time"]
[StartTime "02:06:52"]
[EndDate "2010.12.02"]
[EndTime "02:09:05"]
[Link "https://www.chess.com/game/live/73176749"]

1. e4 c5 2. Bb5 a6 3. Be2 Nf6 4. Nf3 Nxe4 5. d3 Nf6 6. c4 g6 7. Nc3 Bg7 8. Bd2 O-O 9. b3 d6 10. Rc1 Nc6 11. O-O Bg4 12. Ne1 Bxe2 13. Qxe2 Nd4 14. Qd1 b5 15. Nf3 Nxf3+ 16. Qxf3 b4 17. Na4 Nd7 18. Nb2 Ne5 19. Qe2 f5 20. Nd1 e6 21. Ne3 Qf6 22. f3 f4 23. Nd1 Qf5 24. Nf2 g5 25. Ng4 Qxd3 26. Nxe5 Qxe2 27. Rfe1 Qxd2 28. Nd7 Rfd8 29. Rcd1 Bd4+ 30. Kh1 Qxa2 31. Nb6 Rab8 32. Na4 a5 33. Rd3 e5 34. Red1 e4 35. fxe4 f3 36. gxf3 Qc2 37. R1d2 Qc1+ 38. Rd1 Qf4 39. Kg2 g4 40. Kf1 gxf3 41. R3d2 f2 42. Rd3 1-0